Map: Odyssey LE

Players

JagrsMullets - Winner!

  • Race: Protoss Protoss
  • Spawn Location: 5:00

A.I. 1 (Medium)

  • Race: Protoss Protoss
  • Spawn Location: 11:00

VOD

Have the link to the VOD?

Description

Time

  • Played on: Nov. 25, 2017, 7:55 p.m.
  • Length: 17:57
Show
View Real Time Build Order
Export as new Build Order

JagrsMullets Protoss - Winner!

Build Orders:  

Get SALT Encoding   

  12  0:02  Probe (Chrono Boost)  
  13  0:23  Pylon  
  13  0:28  Pylon  
  13  0:36  Pylon  
  13  0:43  Probe  
  14  0:55  Probe  
  15  1:02  Gateway  
  15  1:07  Assimilator  
  16  1:11  Probe (Chrono Boost)  
  16  1:23  Probe (Chrono Boost)  
  17  1:32  Probe (Chrono Boost)  
  18  1:36  Pylon  
  18  1:40  Pylon  
  18  1:52  Pylon  
  18  1:56  Pylon  
  18  2:08  Forge  
  18  2:20  Cybernetics Core  
  18  2:29  Probe (Chrono Boost)  
  19  2:30  Gateway  
  20  2:41  Probe (Chrono Boost)  
  20  2:43  Photon Cannon  
  20  2:44  Probe  
  21  2:49  Photon Cannon  
  21  2:56  Probe  
  21  2:58  Photon Cannon  
  22  3:08  Probe  
  23  3:15  Assimilator  
  23  3:20  Probe  
  23  3:22  Photon Cannon  
  24  3:32  Photon Cannon, Probe  
  25  3:38  Warp Gate (Chrono Boost)  
  25  3:44  Probe  
  26  3:55  Twilight Council  
  26  4:01  Gateway  
  26  4:07  Gateway  
  26  4:18  Probe  
  27  4:26  Pylon  
  27  4:29  Pylon  
  27  4:30  Probe  
  28  4:33  Pylon  
  28  4:39  Charge  
  28  4:42  Probe  
  29  4:59  Probe  
  30  5:03  Stargate  
  30  5:08  Protoss Ground Weapons Level 1  
  30  5:11  Probe  
  31  5:23  Probe  
  31  5:26  Nexus  
  32  5:34  Assimilator  
  32  5:35  Probe  
  33  5:37  Assimilator  
  33  6:10  Probe (Chrono Boost)  
  35  6:19  Blink  
  35  6:22  Fleet Beacon, Probe (Chrono Boost)  
  35  6:24  Probe  
  36  6:36  Probe  
  37  6:48  Probe  
  38  7:33  Zealot  
  38  7:34  Zealot x2  
  38  7:35  Zealot  
  46  7:41  Carrier  
  52  7:59  Graviton Catapult  
  52  8:08  Photon Cannon  
  52  8:11  Photon Cannon  
  52  8:20  Resonating Glaives  
  52  8:26  Photon Cannon  
  52  9:07  Carrier  
  58  9:20  Adept x2  
  58  9:21  Adept x2  
  66  9:35  Gateway  
  66  9:36  Gateway  
  66  9:38  Gateway  
  66  9:40  Gateway  
  66  9:51  Stargate  
  66  9:52  Stargate  
  66  9:58  Stargate  
  66  10:01  Stargate  
  66  10:02  Stargate  
  66  10:06  Stargate  
  66  10:13  Protoss Ground Armor Level 1  
  66  11:01  Stalker  
  66  11:02  Stalker x3  
  66  12:03  Protoss Air Weapons Level 1  
  66  12:07  Protoss Ground Weapons Level 2  
  66  12:09  Anion Pulse-Crystals  
  66  12:13  Void Ray  
  70  12:48  Pylon  
  70  12:49  Pylon  
  70  12:51  Pylon  
  70  12:53  Pylon  
  70  12:55  Carrier x2  
  82  13:30  Mothership  
  90  13:38  Zealot  
  90  13:39  Zealot x2  
  90  13:40  Zealot  
  98  13:47  Zealot x2  
  98  13:48  Zealot x2  
  106  13:57  Protoss Air Armor Level 1  
  106  14:14  Void Ray  
  106  14:15  Void Ray  
  114  14:32  Zealot  
  114  14:33  Zealot x3  
  114  14:34  Zealot x3  
  114  14:35  Zealot  
  130  15:06  Pylon  
  130  15:07  Pylon  
  130  15:09  Pylon  
  130  15:10  Pylon  
  130  15:13  Pylon  
  130  15:16  Pylon  
  128  16:52  Stalker  
  128  16:53  Stalker x4  
  138  16:54  Stalker x2  
  138  16:55  Stalker  
Show
View Real Time Build Order
Export as new Build Order

A.I. 1 (Medium) Protoss 

Build Orders:  

Get SALT Encoding   

  12  0:00  Probe  
  13  0:13  Probe  
  14  0:19  Pylon  
  14  0:25  Probe  
  15  0:37  Probe  
  15  0:40  Gateway  
  16  0:49  Assimilator, Probe  
  17  1:01  Probe  
  17  1:02  Pylon  
  18  1:29  Gateway  
  18  1:32  Cybernetics Core  
  18  1:35  Assimilator  
  18  1:41  Zealot  
  20  2:05  Pylon  
  20  2:08  Warp Gate, Zealot  
  24  2:22  Zealot  
  24  2:42  Zealot  
  26  2:52  Pylon  
  26  3:01  Zealot  
  26  3:04  Probe  
  29  3:16  Probe  
  30  3:20  Stalker  
  32  3:27  Forge  
  32  3:28  Probe  
  31  3:39  Stalker  
  31  3:40  Probe  
  34  3:50  Stalker  
  34  3:53  Probe  
  37  3:59  Pylon  
  37  4:09  Probe  
  38  4:17  Adept  
  40  4:28  Stalker  
  42  4:47  Adept  
  44  5:07  Zealot  
  46  6:53  Stalker, Probe  
  49  6:58  Pylon  
  43  7:01  Robotics Facility  
  43  7:03  Photon Cannon  
  43  7:07  Stalker, Photon Cannon  
  37  7:10  Stargate  
  37  7:13  Gateway  
  33  7:15  Forge  
  33  7:18  Twilight Council  
  33  7:19  Nexus  
  33  7:22  Sentry  
  29  7:36  Zealot  
  26  7:48  Observer  
  26  7:50  Zealot  
  29  8:05  Adept  
  31  8:10  Observer  
  32  8:19  Adept  
  30  8:31  Probe  
  30  8:33  Stalker  
  32  8:34  Probe  
  32  8:38  Observer  
  28  8:43  Probe  
  28  8:46  Probe  
  28  8:48  Stalker  
  27  8:55  Probe  
  27  8:56  Assimilator  
  27  8:57  Pylon  
  27  8:58  Probe  
  27  9:00  Pylon  
  27  9:02  Zealot  
  29  9:07  Probe  
  29  9:10  Probe  
  29  9:16  Zealot  
  30  9:19  Probe  
  30  9:22  Probe  
  30  9:31  Adept  
  29  9:32  Probe  
  29  9:34  Probe  
  29  9:44  Probe  
  29  9:45  Adept  
  31  9:47  Probe  
  31  9:56  Probe  
  31  9:59  Stalker  
  32  10:09  Void Ray  
  36  10:23  Immortal  
  36  10:34  Stalker  
  31  10:37  Probe  
  31  10:40  Probe  
  31  10:41  Stalker  
  33  10:48  Stalker  
  33  10:49  Probe  
  34  10:55  Void Ray  
  34  11:01  Probe  
  33  11:09  Zealot  
  33  11:13  Probe  
  30  11:25  Probe  
  31  11:37  Probe  
  32  11:44  Templar Archives  
  32  12:17  Probe  
  32  12:22  High Templar  
  35  12:28  Nexus  
  35  12:29  Probe  
  36  12:34  High Templar  
  38  12:41  Probe  
  39  12:46  Gateway  
  39  12:53  Probe  
  41  13:05  Probe  
  41  13:17  Robotics Facility  
  41  13:32  Observer  
  42  13:34  Stargate  
  42  13:59  Warp Prism  
  44  14:18  Warp Prism  
  46  14:27  Zealot  
  48  14:35  Observer  
  49  14:39  Stalker  
  51  14:55  Probe  
  51  14:57  Immortal  
  51  14:59  Probe  
  57  15:07  Archon, High Templar  
  57  15:08  Probe  
  57  15:11  Probe  
  61  15:18  Protoss Ground Weapons Level 1  
  61  15:20  Probe  
  62  15:22  High Templar  
  64  15:28  Sentry  
  64  15:35  Zealot  
  68  15:41  Stalker  
  70  15:48  Pylon  
  54  15:51  Stalker  
  52  15:58  Zealot  
  52  16:04  Zealot  
  52  16:11  Stalker  
  55  16:17  Stalker  
  53  16:24  Sentry  
  44  16:30  High Templar  
  31  16:36  Probe  
  31  16:38  Stalker  
  25  16:45  Zealot  
  13  17:10  Pylon  
  13  17:12  Probe  
Tags
 
Matchup
PvP
Spawn Locations
Cross Positions
Add a new tag
Caveats
  • Supply blocks, unpowered buildings, or Contaminate may cause inaccurate times.
  • Supply counts are checked every 10 seconds.